 Dungeon Sprint DCSS version 0.29.1-2-gbd0b4ee654 (webtiles) character file.

Game seed: 3224893726588870476

8711 boopmooplesden the Warrior (level 11, 0/117 HPs)
             Began as a Minotaur Berserker on Nov 27, 2022.
             Was the Champion of Trog.
             Killed by divine providence
             ... invoked by a daeva
              (14 damage)
             ... in the Dungeon (Sprint VII: "The Pits").
             The game lasted 00:03:22 (1533 turns).

boopmooplesden the Warrior (Minotaur Berserker)     Turns: 1533, Time: 00:03:23

Health: 0/117      AC: 18    Str: 27    XL:     11   Next: 13%
Magic:  10/10      EV: 11    Int:  4    God:    Trog [******]
Gold:   0          SH:  0    Dex:  9    Spells: 10/10 levels left

rFire   . . .      SeeInvis .   y - +7 executioner's axe (vorpal)
rCold   . . .      Faith    .   (shield currently unavailable)
rNeg    . . .      Spirit   .   u - +4 chain mail
rPois   .          Reflect  .   w - +1 hat
rElec   .          Harm     .   v - +0 cloak
rCorr   .          Rampage  .   (no gloves)
Will    .....      NoTele   +   (no boots)
Stlth   ..........              (no amulet)
HPRegen 0.29/turn               (no ring)
MPRegen 0.12/turn               (no ring)

@: on berserk cooldown, slowed, glowing, very slow
A: horns 2, retaliatory headbutt
a: Renounce Religion, Berserk, Trog's Hand, Brothers in Arms


You were in the Dungeon.
You worshipped Trog.
Trog was exalted by your worship.
You visited 1 branch

Inventory:

Hand Weapons
 a - a +0 mace
 i - a +2 mace
 l - a +2 spear of flaming
 m - a +0 flail of protection
 o - a +4 great mace
 t - the +8 mithril axe "Arga" {speed, Will+}
   (You found it in the Dungeon)

   Attacks with this weapon are significantly faster.
   Will:      It increases your willpower.
 x - a +6 executioner's axe
 y - a +7 vorpal executioner's axe (weapon)
Armour
 b - a +0 animal skin
 n - a +3 chain mail
 u - a +4 chain mail (worn)
 v - a +0 cloak (worn)
 w - a +1 hat (worn)
Jewellery
 p - a +3 ring of dexterity
 q - a +3 ring of evasion
Scrolls
 h - a scroll of blinking
 k - a scroll of summoning
Potions
 c - 8 potions of curing
 d - 10 potions of heal wounds
 e - a potion of haste
 f - 4 potions of magic
 g - 3 potions of berserk rage
 j - 2 potions of invisibility
 r - 3 potions of might
 s - a potion of resistance


   Skills:
 + Level 17.3 Fighting
 + Level 16.3(19.3) Axes
 + Level 17.0(19.6) Maces & Flails
 + Level 11.6 Armour
 + Level 9.6 Dodging
 + Level 0.3 Stealth


You had 10 spell levels left.
You didn't know any spells.
Your spell library was empty.

Dungeon Overview and Level Annotations

Branches:
Dungeon (1/1)

Altars:
Cheibriados
Dithmenos
Elyvilon
Fedhas
Gozag
Hepliaklqana
Makhleb
Nemelex Xobeh
Okawaru
Qazlal
Ru
Sif Muna
Trog
Wu Jian
Xom
Yredelemnul
Zin
The Shining One
Jiyva


Innate Abilities, Weirdness & Mutations

You have a pair of horns on your head.
You reflexively headbutt those who attack you in melee.


Message History

Trog grants you a weapon! Something appears at your feet!
You see here a +3 vorpal great mace.
You slash the kobold brigand!
You feel sick.
The jackal bites you but does no damage.
The daeva calls down the wrath of the Shining One upon you.
The Shining One smites you!
The kobold brigand hits you but does no damage.
You slash the jackal!
You kill the jackal!
Trog accepts your kill.
You slice the kobold brigand!!
You kill the kobold brigand!
Trog accepts your kill.
You feel sick.
You are too berserk!
You are no longer berserk.
You are exhausted.
You feel as though you will be slow longer.
You feel sick.
You are no longer poisoned.
The daeva closely misses you. You furiously retaliate!
You headbutt the daeva, but do no damage.
The daeva hits you with a +4 long sword of holy wrath!
* * * LOW HITPOINT WARNING * * *
Things that are here:
a +2 trident of protection; an iguana corpse You barely miss the daeva.
You headbutt the daeva, but do no damage.
The daeva calls down the wrath of the Shining One upon you.
The Shining One smites you!
* * * LOW HITPOINT WARNING * * *
The daeva hits you with a +4 long sword of holy wrath.
* * * LOW HITPOINT WARNING * * *
The daeva hits you with a +4 long sword of holy wrath.
* * * LOW HITPOINT WARNING * * *
You cut the daeva into ribbons!!! The daeva blocks your attack.
The daeva is moderately wounded.
The daeva calls down the wrath of the Shining One upon you.
The Shining One smites you!
You die...

#..#......# ..........#
###''#####
.##'†######### ##
.##).....#...+ ...
.##....###÷..### ...#
.##...##.÷.÷.))## ...#
.##..##..##'##))##...#
.##..#..##...##)@A...#
.##..#..#.....#))#...#
###..'..+.....O..'...'..
###..#..#.....#..#...#..
.##..#..##.†.##..'...# .
.##..##..##'##..##...#
)##..)##.††..+.## ....#
)##....###...## #...
)##....†.#...+


You could see a daeva and an ogre.

Vanquished Creatures
  Gastronok (D)
  A death yak (D)
  An orc high priest (D)
  A bog body (D)
  A lindwurm (D)
  A manticore (D)
  An elephant (D)
  A molten gargoyle (D)
  A smoke demon (D)
  2 rime drakes (D)
  A demonic crawler (D)
  A kobold demonologist (D)
  A merfolk (D)
  7 dream sheep (D)
  A ynoxinul (D)
  A wraith (D)
  3 vampire mosquitoes (D)
  A warg (D)
  An orc warrior (D)
  An ogre (D)
  2 bullfrogs (D)
  4 kobold brigands (D)
  A necrophage (D)
  A scorpion (D)
  A crimson imp (D)
  A hound (D)
  A gnoll bouda (D)
  3 orc priests (D)
  A jelly (D)
  Jessica (D)
  An iguana (D)
  An orc wizard (D)
  5 gnolls (D)
  2 adders (D)
  An ufetubus (D)
  An adder zombie (D)
  5 orcs (D)
  A bat (D)
  A bat zombie (D)
  A giant cockroach (D)
  A goblin (D)
  A jackal (D)
  A kobold (D)
  3 ball pythons (D)
70 creatures vanquished.

Notes
Turn   | Place    | Note
-------+----------+-------------------------------------------
     0 | D        | boopmooplesden the Minotaur Berserker began the quest for
                  | the Orb.
     0 | D        | Reached XP level 1. HP: 19/19 MP: 0/0
    42 | D        | Found a bloodstained altar of Trog.
    42 | D        | Found a shimmering blue altar of Sif Muna.
    42 | D        | Found a viscous altar of Jiyva.
    42 | D        | Found a hazy altar of Hepliaklqana.
    42 | D        | Found an opulent altar of Gozag.
    43 | D        | Found a glowing golden altar of the Shining One.
    43 | D        | Found a glowing silver altar of Zin.
    43 | D        | Found a basalt altar of Yredelemnul.
    43 | D        | Found a shimmering altar of Xom.
    43 | D        | Found an ornate altar of the Wu Jian Council.
    43 | D        | Found a sacrificial altar of Ru.
    43 | D        | Found a stormy altar of Qazlal.
    43 | D        | Found an iron altar of Okawaru.
    43 | D        | Found a sparkling altar of Nemelex Xobeh.
    43 | D        | Found a burning altar of Makhleb.
    43 | D        | Found a blossoming altar of Fedhas.
    43 | D        | Found a white marble altar of Elyvilon.
    43 | D        | Found a shadowy altar of Dithmenos.
    43 | D        | Found a snail-covered altar of Cheibriados.
    91 | D        | Reached ** piety under Trog
    92 | D        | Reached skill level 5 in Fighting
    92 | D        | Reached skill level 5 in Maces & Flails
    92 | D        | Reached XP level 2. HP: 16/29 MP: 1/1
   588 | D        | Reached *** piety under Trog
   589 | D        | Noticed Jessica
   591 | D        | Killed Jessica
   592 | D        | Reached XP level 3. HP: 38/38 MP: 2/2
   659 | D        | Noticed a bullfrog
   667 | D        | Reached XP level 4. HP: 47/47 MP: 3/3
   668 | D        | Killed a bullfrog
   668 | D        | Reached **** piety under Trog
   669 | D        | Reached skill level 5 in Dodging
   669 | D        | Reached XP level 5. HP: 56/56 MP: 4/4
   674 | D        | Reached ***** piety under Trog
   679 | D        | Reached XP level 6. HP: 66/66 MP: 5/5
   682 | D        | Reached skill level 10 in Fighting
   682 | D        | Reached skill level 10 in Maces & Flails
   682 | D        | Reached skill level 5 in Armour
   687 | D        | Received a gift from Trog
   730 | D        | Noticed a smoke demon
   733 | D        | Killed a smoke demon
   734 | D        | Reached XP level 7. HP: 68/75 MP: 6/6
   750 | D        | Noticed a lindwurm
   750 | D        | Noticed a manticore
   757 | D        | Killed a manticore
   758 | D        | Reached XP level 8. HP: 86/86 MP: 7/7
   759 | D        | Killed a lindwurm
   759 | D        | Received a gift from Trog
   773 | D        | Found the +8 mithril axe "Arga" {speed, Will+}
   875 | D        | Noticed a merfolk
   880 | D        | Reached skill level 15 in Maces & Flails
   887 | D        | Killed a merfolk
   888 | D        | Reached skill level 1 in Axes
  1053 | D        | Noticed Gastronok
  1068 | D        | Killed Gastronok
  1068 | D        | Received a gift from Trog
  1069 | D        | Reached skill level 15 in Fighting
  1069 | D        | Reached XP level 9. HP: 64/97 MP: 8/8
  1106 | D        | Reached ****** piety under Trog
  1109 | D        | Received a gift from Trog
  1110 | D        | Reached skill level 10 in Axes
  1110 | D        | Reached XP level 10. HP: 65/106 MP: 9/9
  1355 | D        | Noticed an elephant
  1360 | D        | Killed an elephant
  1361 | D        | Reached skill level 10 in Armour
  1497 | D        | Noticed a death yak
  1499 | D        | Noticed a bog body
  1500 | D        | Noticed an orc high priest
  1503 | D        | Received a gift from Trog
  1504 | D        | Killed a death yak
  1506 | D        | Noticed a rust devil
  1506 | D        | Killed a bog body
  1508 | D        | Noticed an orange demon
  1509 | D        | Noticed a molten gargoyle
  1509 | D        | Received a gift from Trog
  1509 | D        | Noticed a daeva
  1512 | D        | Killed an orc high priest
  1513 | D        | Reached skill level 15 in Axes
  1514 | D        | Noticed a rust devil
  1519 | D        | Noticed a rust devil
  1519 | D        | Killed a molten gargoyle
  1520 | D        | Reached XP level 11. HP: 86/117 MP: 10/10
  1520 | D        | Identified the +3 war axe of Qel Godo {flame, Dex+2} (Trog
                  | gifted it to you in the Dungeon)
  1520 | D        | Received a gift from Trog
  1529 | D        | Received a gift from Trog
  1533 | D        | Killed from afar by a daeva

Illustrated notes

Levels and vault maps discovered:
D:        pitsprint [storerooms_1, entrance_room_1, metal_vault_6, armoury_3,
          mini_pit_1, grid_room_1, main_hall_1, silver_pit, the_coven_1,
          the_vestibule_1, steel_vault_3, golden_pit, hallway_of_sentries,
          crystal_vault_2, iron_vault_4, final_vault]

Skill      XL: |  1  2  3  4  5  6  7  8  9 10 11 |
---------------+----------------------------------+-----
Fighting       | 5 6 7 8 9 11 13 15 17 | 17.3
Maces & Flails | 5 6 7 8 9 12 13 16 17 | 17.0
Armour         | 3 4 5 6 8 9 11 | 11.6
Dodging        | 3 4 5 6 7 8 9 |  9.6
Axes           | 7 10 15 16 | 16.3
Stealth        | |  0.3

Action                   |  1- 3 |  4- 6 |  7- 9 | 10-12 || total
-------------------------+-------+-------+-------+-------++-------
Melee: Mace              |    24 |       |       |       ||    24
       Headbutt          |     2 |     1 |    10 |     5 ||    18
       Flail             |     5 |    16 |       |       ||    21
       Great mace        |       |     4 |    12 |       ||    16
       Broad axe         |       |       |    38 |     2 ||    40
       Punch             |       |       |     1 |       ||     1
       Executioner's axe |       |       |       |    30 ||    30
Invok: Berserk           |     2 |       |     3 |     1 ||     6
Armor: Animal skin       |     5 |       |       |       ||     5
       Chain mail        |     3 |     9 |    13 |    21 ||    46
Dodge: Dodged            |    21 |     6 |    15 |    17 ||    59
